 Dungeon Crawl Stone Soup version 0.23.0 (webtiles) character file.

Game seed: 9989162301984467450

95 Kairos the Skirmisher (level 4, -2/24 HPs)
             Began as a Vine Stalker Fighter on Feb 10, 2019.
             Killed from afar by Ijyb (7 damage)
             ... with a wand of acid (7)
             ... on level 3 of the Dungeon.
             The game lasted 00:02:18 (2363 turns).

Kairos the Skirmisher (Vine Stalker Fighter)        Turns: 2363, Time: 00:02:19

Health: -2/24      AC:  2    Str: 25    XL:     4   Next: 65%
Magic:  0/5        EV:  7    Int:  8    God:
Gold:   209        SH: 10    Dex: 13    Spells: 3/3 levels left

rFire    . . .     SeeInvis .   p - +1 hand axe (chop)
rCold    + . .     Gourm    .   c - +0 shield
rNeg     . . .     Faith    .   b - +0 scale mail
rPois    .         Spirit   +   (no helmet)
rElec    .         Reflect  .   (no cloak)
rCorr    .         Harm     .   (no gloves)
MR       .....                  (no boots)
Stlth    ..........             q - amulet of rage
HPRegen  0.48/turn              t - ring of protection from cold
MPRegen  0.09/turn              (no ring)

@: mighty, corroded
A: fangs 2, regeneration 1, magic shield, antimagic bite, no potion heal 3, rot
immunity
a: Evoke Berserk Rage


You were on level 3 of the Dungeon.
You were hungry.

You visited 1 branch of the dungeon, and saw 3 of its levels.

You collected 209 gold pieces.

Inventory:

Hand Weapons
 a - a +0 war axe
 p - a +1 hand axe of chopping (weapon)
Armour
 b - a +0 scale mail (worn)
 c - a +0 shield (worn)
 r - a +0 chain mail
Jewellery
 q - an amulet of rage (around neck)
 t - a ring of protection from cold (left hand)
Wands
 s - a wand of disintegration (10)
Scrolls
 g - 2 scrolls of noise {unknown}
 h - a scroll of enchant weapon {unknown}
 j - 2 scrolls of amnesia {unknown}
 k - 4 scrolls of teleportation {unknown}
 m - a scroll of identify {unknown}
 n - a scroll of blinking {unknown}
Potions
 e - a potion of agility {unknown}
 i - a potion of lignification {unknown}
 l - a potion of curing {unknown}
 o - a potion of flight {unknown}
Comestibles
 f - 5 rations


   Skills:
 + Level 3.2 Fighting
 + Level 2.9 Axes
 + Level 3.0 Armour
 + Level 0.3 Dodging
 + Level 3.0 Shields


You had 3 spell levels left.
You didn't know any spells.
Your spell library was empty.

Dungeon Overview and Level Annotations

Branches:
Dungeon (3/15)

Altars:
Kikubaaqudgha

Annotations:
D:3 Ijyb


Innate Abilities, Weirdness & Mutations

You have extremely sharp teeth.
Your natural rate of healing is unusually fast.
When hurt, damage is shared between your health and your magic reserves.
Your bite disrupts and absorbs the magic of your enemies.
Potions cannot restore your health.
You are immune to rotting.


Message History

You are too injured to fight recklessly!
Unknown command.
Okay, then.
You feel very mighty all of a sudden. The leopard gecko barely misses you.
You block Ijyb's attack.
Your shield and scale mail prevent you from hitting Ijyb.
You closely miss the leopard gecko. You block the leopard gecko's attack.
The leopard gecko barely misses you. Ijyb misses you.
You slash Ijyb! You bite Ijyb, but do no damage.
Ijyb is heavily wounded.
Your shield and scale mail prevent you from hitting the leopard gecko.
The leopard gecko bites you.
* * * LOW HITPOINT WARNING * * *
You block Ijyb's attack. The leopard gecko barely misses you.
You hit Ijyb. Your bite misses Ijyb.
Ijyb is heavily wounded.
You hit the leopard gecko.
You kill the leopard gecko!
Ijyb zaps a wand.
The bolt of acid hits you!
You die...

..# #.#.###..#.#
... #... ..#.#
..# ..# #..#.#
... ..#.#
#.##.#.#
.##....#.#
..$.#..#.#
###...†#.#
......g@.#
###..#.### # #.
#..#. #..#.
############..#.
##
(.............#.
..#
.###.#######.###
#.# .# #.# #.#
#.#


You could see Ijyb.

Vanquished Creatures
  3 adders
  3 worms
  A dart slug (D:2)
  A leopard gecko (D:3)
  4 orcs (D:3)
  3 giant cockroaches
  5 goblins
  7 hobgoblins
  3 jackals (D:3)
  2 ball pythons (D:1)
  2 bats (D:1)
  A frilled lizard (D:1)
  8 kobolds
  8 rats
51 creatures vanquished.

Notes
Turn   | Place    | Note
-------+----------+-------------------------------------------
     0 | D:1      | Kairos the Vine Stalker Fighter began the quest for the
                  | Orb.
     0 | D:1      | Reached XP level 1. HP: 11/11 MP: 2/2
   163 | D:1      | Reached XP level 2. HP: 3/16 MP: 3/3
  1081 | D:2      | Reached XP level 3. HP: 20/20 MP: 4/4
  1245 | D:2      | Found an ancient bone altar of Kikubaaqudgha.
  1813 | D:3      | Gained mutation: Your natural rate of healing is unusually
                  | fast. [Vine Stalker growth]
  1813 | D:3      | Reached XP level 4. HP: 24/24 MP: 5/5
  2283 | D:3      | Found a faded altar of an unknown god.
  2357 | D:3      | Noticed Ijyb
  2363 | D:3      | Killed from afar by Ijyb

Skill      XL: |  1  2  3  4 |
---------------+-------------+-----
Fighting       | 3 |  3.2
Shields        | 3 |  3.0
Axes           | 2 |  2.9
Armour         | 3 |  3.0
Dodging        | |  0.3

Action                   |  1- 3 |  4- 6 || total
-------------------------+-------+-------++-------
Melee: War axe           |    88 |       ||    88
       Bite              |    21 |    15 ||    36
       Hand axe          |     6 |    49 ||    55
  Use: Potion            |       |     1 ||     1
  Eat: Chunk             |     2 |     2 ||     4
Armor: Scale mail        |    18 |    15 ||    33
Dodge: Dodged            |    23 |    17 ||    40
Block: Shield            |    50 |    23 ||    73
